 Dungeon Crawl Stone Soup version 0.27.1-2-g3b301248ec (webtiles) character file.

Game seed: 6851996032422822332

43 Borgoz the Skirmisher (level 3, -2/36 HPs)
             Began as a Gargoyle Berserker on Sept 25, 2021.
             Was a Believer of Trog.
             Slain by a gnoll (5 damage)
             ... on level 3 of the Dungeon.
             The game lasted 00:01:20 (1365 turns).

Borgoz the Skirmisher (Gargoyle Berserker)          Turns: 1365, Time: 00:01:21

Health: -2/36      AC:  5    Str: 20    XL:     3   Next: 58%
Magic:  3/3        EV: 12    Int:  7    God:    Trog [**....]
Gold:   37         SH:  0    Dex: 16    Spells: 2/2 levels left

rFire    . . .     SeeInvis .   a - +0 mace
rCold    . . .     Faith    .   (no shield)
rNeg     + . .     Spirit   .   b - +0 animal skin
rPois    ∞         Reflect  .   (no helmet)
rElec    +         Harm     .   (no cloak)
rCorr    .         Rampage  .   (no gloves)
Will     .....                  (no boots)
Stlth    ..........             (no amulet)
HPRegen  0.12/turn              e - +6 ring of dexterity
MPRegen  0.08/turn              (no ring)

@: berserking, very quick
A: sickness immunity, AC +3, negative energy resistance 1, electricity
resistance, torment resistance 1, petrification resistance
a: Renounce Religion, Berserk, Trog's Hand


You were on level 3 of the Dungeon.
You worshipped Trog.
Trog was pleased with you.
You visited 1 branch of the dungeon, and saw 3 of its levels.

You collected 37 gold pieces.

Inventory:

Hand Weapons
 a - a +0 mace (weapon)
Armour
 b - a +0 animal skin (worn)
Jewellery
 d - a ring of ice
 e - a +6 ring of dexterity (left hand)
Scrolls
 c - a scroll of vulnerability {unknown}
 f - 4 scrolls of identify {unknown}
 g - a scroll of blinking {unknown}


   Skills:
 + Level 3.7 Fighting
 + Level 3.4 Maces & Flails
 + Level 2.9 Armour
 + Level 2.0 Dodging


You had 2 spell levels left.
You didn't know any spells.
Your spell library was empty.

Dungeon Overview and Level Annotations

Branches:
Dungeon (3/15)

Altars:

Shops:
D:1 !


Innate Abilities, Weirdness & Mutations

You are immune to sickness and miasma.
Your stone body is resilient. (AC +3)
You are immune to poison.
You resist negative energy. (rN+)
You are resistant to electric shocks. (rElec)
You are resistant to unholy torment.
You are immune to petrification.


Message History

You kill the bat!
Trog accepts your kill.
No target in view!
No target in view!
A gnoll comes into view. It is wielding a +0 spear.
Found 13 gold pieces.
A gnoll is nearby!
A goblin comes into view. It is wielding a +0 dagger.
The goblin shouts!
The gnoll shouts!
A gnoll comes into view. It is wielding a +0 club.
The goblin moves out of view.
There are monsters nearby!
A gnoll comes into view. It is wielding a +0 whip.
The gnoll moves out of view.
The gnoll hits you from afar with a +0 spear.
The gnoll shouts! x2; You hear a shout!
The gnoll misses you.
There is a stone staircase leading down here.
The gnoll hits you but does no damage.
You climb downwards.
There is a stone staircase leading up here.
You start resting.
HP restored.
You climb upwards.
The goblin barely misses you. The gnoll hits you with a +0 whip.
The gnoll hits you from afar with a +0 spear.
The gnoll barely misses you. The goblin completely misses you.
The gnoll hits you with a +0 whip!
There is a stone staircase leading down here.
The gnoll hits you from afar with a +0 spear.
* * * LOW HITPOINT WARNING * * *
The gnoll hits you with a +0 club.
* * * LOW HITPOINT WARNING * * *
The goblin hits you but does no damage. The gnoll hits you but does no damage.
You climb downwards.
There is a stone staircase leading up here.
A red film seems to cover your vision as you go berserk!
You feel yourself moving faster!
You feel mighty! The gnoll hits you with a +0 club.
You die... ########### #....g@gg.# #.#######.#

You could see 2 gnolls and a goblin.

Vanquished Creatures
  An adder (D:2)
  A worm (D:2)
  A dart slug (D:2)
  6 bats
  2 endoplasms (D:1)
  A hobgoblin (D:1)
  4 quokkas (D:1)
  6 ball pythons
  2 frilled lizards (D:1)
  3 kobolds (D:1)
  2 rats (D:1)
29 creatures vanquished.

Notes
Turn   | Place    | Note
-------+----------+-------------------------------------------
     0 | D:1      | Borgoz the Gargoyle Berserker began the quest for the Orb.
     0 | D:1      | Reached XP level 1. HP: 14/14 MP: 1/1
   209 | D:1      | Found Resitor's Distillery.
   329 | D:1      | Reached XP level 2. HP: 19/19 MP: 2/2
   942 | D:2      | Reached XP level 3. HP: 22/23 MP: 3/3
  1266 | D:2      | Reached ** piety under Trog
  1365 | D:3      | Slain by a gnoll

Illustrated notes

Levels and vault maps discovered:
D:1:      shiori_arrival_oz, layout_loops_ring, serial_shops,
          nicolae_shop_trees, st_stairs_11
D:2:      layout_rooms, serial_park_tiny_2, chequers_garden
D:3:      layout_loops_ring, serial_shops, nicolae_square_shop,
          kennysheep_flooded_box, grunt_ministairs_15

Skill      XL: |  1  2  3 |
---------------+----------+-----
Dodging        | 2 |  2.0
Fighting       | |  3.7
Maces & Flails | |  3.4
Armour         | |  2.9

Action                   || total
-------------------------++-------
Melee: Mace              ||    88
Invok: Berserk           ||     1
 Stab: Sleeping          ||     1
Armor: Animal skin       ||    38
Dodge: Dodged            ||    74
